 Dungeon Crawl Stone Soup version 0.21-a0-426-g98080a9 (webtiles) character file.

110 Gorice the Insei (level 4, -1/33 HPs)
             Began as a Demonspawn Wanderer on Nov 7, 2017.
             Was an Initiate of Nemelex Xobeh.
             Killed from afar by an orc wizard (9 damage)
             ... with a magic dart
             ... on level 3 of the Dungeon.
             The game lasted 00:08:07 (2156 turns).

Gorice the Insei (Demonspawn Wanderer)              Turns: 2156, Time: 00:08:08

Health: -1/33      AC:  5    Str:  9    XL:     4   Next: 61%
Magic:  5/5        EV: 10    Int: 12    God:    Nemelex Xobeh [......]
Gold:   49         SH:  0    Dex: 18    Spells: 3/3 levels left

rFire    . . .     SeeInvis .   i - +3 whip (elec)
rCold    . . .     Gourm    .   (no shield)
rNeg     . . .     Faith    .   e - +0 ring mail
rPois    .         Spirit   .   (helmet restricted)
rElec    .         Reflect  .   (no cloak)
rCorr    .         Harm     .   (no gloves)
MR       .....                  (no boots)
Stlth    ++........             (no amulet)
HPRegen  0.11/turn              (no ring)
MPRegen  0.09/turn              (no ring)

@: no status effects
A: claws 1, horns 1, nightstalker 1
a: Renounce Religion


You were on level 3 of the Dungeon.
You worshipped Nemelex Xobeh.
Nemelex Xobeh was noncommittal.
You were not hungry.

You visited 1 branch of the dungeon, and saw 3 of its levels.

You collected 49 gold pieces.

Inventory:

Hand Weapons
 d - a +0 dagger
 g - a +1 hunting sling of velocity
   (You found it on level 1 of the Dungeon)
 i - a +3 whip of electrocution (weapon)
   (You took it off a kobold on level 1 of the Dungeon)
 q - a +0 whip of electrocution
   (You found it on level 2 of the Dungeon)
Missiles
 h - 6 needles of sleeping
 Y - 79 stones
 Z - 3 throwing nets (quivered)
Armour
 a - a +0 leather armour
 e - a +0 ring mail (worn)
Wands
 k - a wand of lightning (13/15)
Potions
 c - 2 potions of curing
 j - 2 potions of berserk rage {unknown}
 l - a potion of mutation {!q}
 m - a potion of brilliance {unknown}
Miscellaneous
 n - a plain deck of summoning
Comestibles
 b - 10 chunks of flesh
 f - 3 bread rations {!e}


   Skills:
 - Level 2.1 Fighting
   Level 1.7 Staves
 + Level 1.7 Armour
 - Level 1.7 Dodging
 - Level 1.0 Stealth
 * Level 3.4 Unarmed Combat
 - Level 2.0 Evocations


You had 3 spell levels left.
You didn't know any spells.

Dungeon Overview and Level Annotations

Branches:
Dungeon (3/15)

Altars:
Nemelex Xobeh
Okawaru


Innate Abilities, Weirdness & Mutations

You have sharp fingernails.
You have a pair of small horns on your head.
You are slightly more attuned to the shadows.


Message History

A frilled lizard comes into view.
Unknown command.
The orc wizard misses you.
The goblin shoots a sling bullet.
The sling bullet closely misses you. The orc wizard barely misses you.
You feel less confused.
The goblin shoots a sling bullet.
The sling bullet closely misses you. The orc wizard casts a spell at you.
The puff of flame hits you!
Damage: 5 (max 8)
An orc comes into view. It is wielding a hand axe.
You see here a robe.
You closely miss the orc wizard. You headbutt the orc wizard.
The orc wizard is moderately wounded.
The orc wizard mumbles some strange words.
The orc wizard flickers and vanishes!
Deactivating autopickup; reactivate with Ctrl-A.
You hit something. Something hits you.
Damage: 4 (max 8)
You miss something. You headbutt something.
Something hits you but does no damage.
You barely miss something.
The orc wizard looks satisfied for a moment.
You hear some strange, mumbled words.
Something tries to affect you, but you resist.
Unknown command.
You barely miss something. Your headbutt misses something.
You hear some strange, mumbled words.
You are confused.
Unknown command.
You hit something.
You hear some strange, mumbled words.
A magic dart appears from out of thin air!
The magic dart hits you!
Damage: 2 (max 8)
You closely miss something. You headbutt something.
Reactivating autopickup.
You feel a bit more experienced.
The orc wizard mumbles some strange words.
The orc wizard seems to speed up.
You barely miss the orc. The orc barely misses you. The worm bites you!
* * * LOW HITPOINT WARNING * * *
Damage: 9 (max 9)
You feel less confused.
The orc wizard gestures at you while chanting.
The magic dart hits you!
You die...
Your body disappears without a glow.

#.. #..# ### ####..##
####.. ........ #. ..
....# ###...# o. ..# #..#
####...# o#.#>#
#..#########..(....
.#.#.#
#..................
.....#
#######.@#########.......
.# #.####....o.o.#
####.... .#
#.(.((.#####wo# #....
.###.......[..)go# #..)#
....(##########.## ##.##
##.### #.# #.# #.# #.# #.
#.# #.# #. #.# #.# #.


You could see a worm, an orc wizard, 3 orcs and a goblin.

Vanquished Creatures
  An orc wizard (D:3)
  A shadow imp (D:2)
  3 oozes
  A worm (D:2)
  A dart slug (D:1)
  2 leopard geckos (D:1)
  An orc (D:3)
  A giant cockroach (D:2)
  6 goblins
  6 hobgoblins
  6 jackals (D:2)
  9 kobolds
  A quokka (D:3)
  2 ball pythons (D:1)
  6 bats
  A frilled lizard (D:2)
  9 rats
57 creatures vanquished.

Notes
Turn   | Place    | Note
-------+----------+-------------------------------------------
     0 | D:1      | Gorice the Demonspawn Wanderer began the quest for the Orb.
     0 | D:1      | Gorice set off with: a +0 leather armour, 2 potions of curing, a +0 dagger, a bread ration {!e}, 3 throwing nets
     0 | D:1      | Reached XP level 1. HP: 15/15 MP: 2/2
   257 | D:1      | HP: 4/16 [bat (1)]
   264 | D:1      | Reached skill level 2 in Fighting
   268 | D:1      | Gained mutation: You have sharp fingernails. [demonic ancestry]
   268 | D:1      | Reached XP level 2. HP: 8/22 MP: 3/3
   271 | D:1      | HP: 6/22 [kobold (2)]
   479 | D:1      | Reached skill level 2 in Unarmed Combat
   739 | D:1      | Gained mutation: You have a pair of small horns on your head. [demonic ancestry]
   739 | D:1      | Reached XP level 3. HP: 27/27 MP: 4/4
   887 | D:1      | Reached skill level 1 in Armour
  1247 | D:2      | HP: 6/27 [shadow imp (5)]
  1528 | D:2      | Reached skill level 3 in Unarmed Combat
  1561 | D:2      | Gained mutation: You are slightly more attuned to the shadows. [demonic ancestry]
  1561 | D:2      | Reached XP level 4. HP: 32/33 MP: 5/5
  1968 | D:2      | Found a sparkling altar of Nemelex Xobeh.
  1973 | D:2      | Found an iron altar of Okawaru.
  1982 | D:2      | Became a worshipper of Nemelex Xobeh the Trickster
  2079 | D:3      | Received a gift from Nemelex Xobeh
  2155 | D:3      | HP: 8/33 [worm (9)]
  2156 | D:3      | Killed from afar by an orc wizard

Vault maps used:
D:1:      tarquinn_simple_flora_water_d
D:2:      grunt_temple_overflow_open

Skill      XL: |  1  2  3 |
---------------+----------+-----
Fighting       | 2 |  2.1
Unarmed Combat | 2 3 |  3.4
Armour         | 1 |  1.7
Staves         | |  1.7
Dodging        | |  1.7
Stealth        | |  1.0
Evocations     | |  2.0

Action                   |  1- 3 |  4- 6 || total
-------------------------+-------+-------++-------
Melee: Dagger            |    39 |       ||    39
       Unarmed           |    29 |       ||    29
       Whip              |    57 |    33 ||    90
       Headbutt          |    12 |     4 ||    16
  Use: Potion            |     1 |       ||     1
       Scroll            |     1 |     4 ||     5
 Stab: Sleeping          |       |     2 ||     2
  Eat: Chunk             |     2 |     2 ||     4
Armor: Leather armour    |    14 |       ||    14
       Ring mail         |    29 |     9 ||    38
Dodge: Dodged            |    82 |    27 ||   109

Table legend:
 A = Spawn XP
 B = Non-spawn XP
 C = Spawn XP percentage of total XP
 D = Spawn monster count
 E = Non-spawn monster count
 F = Spawn count percentage of total count
 G = Total turns spent on level
                    A         B        C        D         E        F      G
               +---------+---------+-------+---------+---------+-------+---------
         Total |       0 |     158 |   0.0 |       0 |      57 |   0.0 |  2156
               +---------+---------+-------+---------+---------+-------+---------
           D:1 |       0 |      62 |   0.0 |       0 |      32 |   0.0 |  1161
           D:2 |       0 |      54 |   0.0 |       0 |      21 |   0.0 |   880
           D:3 |       0 |      42 |   0.0 |       0 |       4 |   0.0 |   115
               +---------+---------+-------+---------+---------+-------+---------

Table legend:
 A = Turns spent in this place as a percentage of turns spent in the entire game.
 B = Non-inter-level travel turns spent in this place as a percentage of non-inter-level travel turns spent in the entire game.
 C = Inter-level travel turns spent in this place as a percentage of turns spent in this place.
 D = Turns resting spent in this place as a percentage of non-inter-level travel turns spent in this place.
 E = Turns spent auto-exploring this place as a percentage of non-inter-level travel turns spent in this place.
 F = Non-inter-level travel turns spent in this place divided by the number of levels of this place that you've seen.
                   A       B       C       D       E      F
               +-------+-------+-------+-------+-------+----------------------
         Total | 100.0 | 100.0 |   1.4 |  25.1 |  41.5 | 708.3
       Dungeon | 100.0 | 100.0 |   1.4 |  25.1 |  41.5 | 708.3
               +-------+-------+-------+-------+-------+----------------------

Vault maps used:
D:1:      tarquinn_simple_flora_water_d
D:2:      grunt_temple_overflow_open
